 Dungeon Sprint DCSS version 0.21-a0-39-g28ea6b7 (webtiles) character file.

2324 Kidiri the Thaumaturge (level 9, -1/55 (56) HPs)
             Began as a Deep Elf Fire Elementalist on May 31, 2017.
             Killed by nerve-wracking pain
             ... invoked by a shadow imp
             ... summoned by a kobold demonologist
              (12 damage)
             ... in the Dungeon (Sprint II: "The Violet Keep of Menkaure").
             The game lasted 00:04:36 (896 turns).

Kidiri the Thaumaturge (Deep Elf Fire Elementalist)  Turns: 896, Time: 00:04:36

HP:   -1/55 (56)    AC:  2    Str:  5    XL:     9   Next: 19%
MP:   18/29         EV: 19    Int: 24    God:
Gold: 972           SH:  0    Dex: 15    Spells: 18/36 levels left

rFire    . . .     SeeInvis .   (no weapon)
rCold    . . .     Gourm    .   (no shield)
rNeg     . . .     Faith    .   a - +0 robe
rPois    .         Spirit   .   (no helmet)
rElec    .         Reflect  .   (no cloak)
rCorr    .         Harm     .   (no gloves)
MR       .....     NoTele   +   (no boots)
Stlth    ++........             (no amulet)
Regen    0.2/turn               (no ring)
MPRegen  0.3/turn               (no ring)

@: no status effects
A: no striking features
a: no special abilities


You were in the Dungeon.
You were not hungry.

You visited 1 branch You collected 972 gold pieces.

Inventory:

Armour
 a - a +0 robe (worn)
Scrolls
 i - a scroll of blinking
Potions
 f - a potion of haste
 h - a potion of berserk rage
Books
 b - a book of Flames

   Spells                             Type                      Level
   a - Flame Tongue                   Conjuration/Fire             1
   b - Throw Flame                    Conjuration/Fire             2
   c - Conjure Flame                  Conjuration/Fire             3
   d - Inner Flame                    Hexes/Fire                   3
   e - Sticky Flame                   Conjuration/Fire             4
   f - Fireball                       Conjuration/Fire             5
Comestibles
 c - a bread ration


   Skills:
 + Level 6.6 Fighting
 + Level 6.6 Armour
 + Level 9.9 Dodging
 - Level 2.4 Stealth
 * Level 14.3 Spellcasting
 + Level 8.8 Conjurations
 + Level 9.4 Fire Magic


You had 18 spell levels left.
You knew the following spells:

 Your Spells              Type           Power        Failure   Level  Hunger
a - Flame Tongue          Conj/Fire      #####        1%          1    None
b - Throw Flame           Conj/Fire      ######       1%          2    None
c - Conjure Flame         Conj/Fire      ######..     1%          3    None
d - Inner Flame           Hex/Fire       #####...     1%          3    None
e - Sticky Flame          Conj/Fire      ######..     1%          4    None
f - Fireball              Conj/Fire      ######....   2%          5    ##.....


Dungeon Overview and Level Annotations

Branches:
Dungeon (1/1)

Altars:

Annotations:
D exclusion: ice statue


Message History

Casting: Flame Tongue
Confirm with . or Enter, or press ? or * to list all spells.
Aiming: Flame Tongue
Press: ? - help, Shift-Dir - straight line, f/p - kobold demonologist
Aim: a kobold demonologist, wielding a dagger and wearing a robe (almost dead)
The flame tongue hits the shadow imp.
The shadow imp appears unharmed.
The kobold demonologist gestures wildly while chanting.
The shadow imp gestures at you. Pain shoots through your body!
* * * LOW HITPOINT WARNING * * *
Casting: Flame Tongue
Confirm with . or Enter, or press ? or * to list all spells.
Aiming: Flame Tongue
Press: ? - help, Shift-Dir - straight line, f/p - kobold demonologist
Aim: a kobold demonologist, wielding a dagger and wearing a robe (almost dead)
The flame tongue hits the shadow imp.
The shadow imp is severely wounded.
The shadow imp gestures at you. Pain shoots through your body!
You die...

#≈≈≈≈.##+##..#
#≈≈≈≈##§..##
#≈≈≈ #..#..#
#≈≈####.).####
#≈##.###'###.##
# #.#.##5##...#
+###'.K.'.##+
#.#.##5##...#
##.###@###.##
####.#.####
#.)#..# ##.#.##
##'##
#≈≈≈≈≈≈≈≈≈≈≈
#+++#+++#≈§≈
≈;§ §§§


You could see a kobold demonologist, a white imp and a shadow imp.

Vanquished Creatures
  Kirke (D)
  A centaur warrior (D)
  A skeletal warrior (D)
  A merfolk siren (D)
  2 tyrant leeches (D)
  2 hippogriffs (D)
  Menkaure (D)
  4 necrophages (D)
13 creatures vanquished.

Vanquished Creatures (others)
  3 manticores (D)
  A crocodile (D)
4 creatures vanquished.

Grand Total: 17 creatures vanquished

Notes
Turn   | Place    | Note
-------+----------+-------------------------------------------
     0 | D        | Kidiri the Deep Elf Fire Elementalist began the quest for the Orb.
     0 | D        | Reached XP level 1. HP: 10/10 MP: 6/6
     1 | D        | Noticed a merfolk siren
     5 | D        | Noticed a hippogriff
     5 | D        | Noticed a hippogriff
     9 | D        | Noticed a tyrant leech
     9 | D        | Noticed a tyrant leech
    13 | D        | Noticed a necrophage
    13 | D        | Noticed a necrophage
    13 | D        | Noticed a necrophage
    13 | D        | Noticed a necrophage
    22 | D        | Killed a necrophage
    22 | D        | Reached skill level 6 in Spellcasting
    22 | D        | Reached XP level 2. HP: 6/16 MP: 5/11
    22 | D        | Reached XP level 3. HP: 8/20 MP: 5/13
    22 | D        | Reached XP level 4. HP: 10/25 MP: 5/14
    33 | D        | Killed a necrophage
    33 | D        | Reached skill level 5 in Dodging
    33 | D        | Reached skill level 8 in Spellcasting
    33 | D        | Reached skill level 5 in Fire Magic
    33 | D        | Reached XP level 5. HP: 24/31 MP: 12/17
    38 | D        | Killed a necrophage
    38 | D        | Reached skill level 9 in Spellcasting
    38 | D        | Reached skill level 5 in Conjurations
    45 | D        | Killed a necrophage
    45 | D        | Reached XP level 6. HP: 16/37 MP: 1/20
    49 | D        | Learned a level 2 spell: Throw Flame
    53 | D        | Learned a level 3 spell: Conjure Flame
    57 | D        | Learned a level 3 spell: Inner Flame
    62 | D        | Learned a level 4 spell: Sticky Flame
    68 | D        | Learned a level 5 spell: Fireball
   237 | D        | Killed a merfolk siren
   237 | D        | Reached skill level 11 in Spellcasting
   237 | D        | Reached XP level 7. HP: 43/43 MP: 4/23
   349 | D        | Killed a hippogriff
   349 | D        | Reached skill level 5 in Fighting
   349 | D        | Reached skill level 5 in Armour
   349 | D        | Reached skill level 12 in Spellcasting
   363 | D        | Killed a hippogriff
   363 | D        | Reached XP level 8. HP: 33/48 MP: 8/26
   481 | D        | Killed a tyrant leech
   487 | D        | Killed a tyrant leech
   487 | D        | Reached skill level 13 in Spellcasting
   673 | D        | Noticed an ice statue
   675 | D        | Noticed Menkaure
   678 | D        | Killed Menkaure
   711 | D        | Noticed a centaur warrior
   712 | D        | Killed a centaur warrior
   713 | D        | Noticed Kirke
   714 | D        | Noticed a skeletal warrior
   721 | D        | Killed Kirke
   722 | D        | Noticed a manticore
   745 | D        | Killed a manticore
   749 | D        | Killed a manticore
   778 | D        | Killed a manticore
   824 | D        | Killed a skeletal warrior
   824 | D        | Reached skill level 14 in Spellcasting
   824 | D        | Reached XP level 9. HP: 11/55 MP: 20/29
   886 | D        | Noticed a kobold demonologist
   896 | D        | Killed from afar by a shadow imp

Vault maps used:
D:        the_violet_keep_of_menkaure

Skill      XL: |  1  2  3  4  5  6  7  8 |
---------------+-------------------------+-----
Fighting       | 2 3 4 5 6 |  6.6
Armour         | 2 3 4 5 6 |  6.6
Dodging        | 4 5 6 7 8 9 |  9.9
Spellcasting   | 6 8 9 11 12 14 | 14.3
Conjurations   | 3 4 5 6 7 8 |  8.8
Fire Magic     | 4 5 6 7 9 |  9.4
Stealth        | |  2.4

Action                   |  1- 3 |  4- 6 |  7- 9 || total
-------------------------+-------+-------+-------++-------
 Cast: Flame Tongue      |     6 |    37 |    31 ||    74
       Conjure Flame     |       |     1 |     3 ||     4
       Sticky Flame      |       |       |     7 ||     7
       Fireball          |       |       |     1 ||     1
       Throw Flame       |       |       |     2 ||     2
  Use: Potion            |     2 |     2 |       ||     4
Armor: Robe              |       |     1 |     1 ||     2
Dodge: Dodged            |     3 |    16 |     9 ||    28
